Celery, neutral female gnomish Tourist ----- |... |...-------- |...|+++|(.|------ |...|++?|..|.G...| ....|...||-|..f..| |...-|---..|..@..| | |..........|.r...| .. |........{.-.|---- .........| |........%...................... |...-|---...........-+--+--- | |...|...|.------.---- |...|(.!|. + |...|(..|. |...-----+- |... ----- Celery the Sightseer Experience level: 4 Strength: 9 Dexterity: 14 Constitution: 17 Intelligence: 13 Wisdom: 7 Charisma: 15 Health: 0(35) Energy: 13(13) Def: 7 Gold: 264 Moves: 1982 Dungeon seed: _ViZCuN779F_CfTy Game ID: Celery_1467749297 Your Inventory: Coins $ - 264 gold pieces Amulets J - an uncursed amulet of ESP Weapons a - 51 blessed +2 darts (in quiver) r - an uncursed +2 aklys (weapon in hand) u - 11 uncursed +0 darts N - the uncursed +0 Sting Q - an uncursed +0 scimitar X - an uncursed +0 elven dagger Armor e - an uncursed +0 Hawaiian shirt (being worn) I - an uncursed +0 pair of high boots (being worn) Y - an uncursed +0 elven mithril-coat (being worn) Z - an uncursed +0 dwarvish cloak (being worn) Spellbooks K - an uncursed spellbook of identify L - an uncursed spellbook of healing Rings B - an uncursed ring of invisibility Wands p - an uncursed wand of secret door detection (0:13) M - an uncursed wand of undead turning (0:7) P - an uncursed wand of magic missile (0:3) S - an uncursed wand of enlightenment (0:12) Tools n - an uncursed expensive camera (0:32) o - an uncursed credit card q - an uncursed oil lamp (0:1434) s - an uncursed greased bag of holding C - an uncursed magic whistle G - an uncursed sack named clear O - an uncursed blindfold Gems j - an uncursed worthless piece of black glass y - an uncursed worthless piece of blue glass z - an uncursed garnet stone Contents of the bag of holding: 3 uncursed food rations an uncursed fortune cookie 2 uncursed slime molds 2 uncursed tripe rations 4 uncursed scrolls of magic mapping an uncursed scroll of scare monster a blessed potion of extra healing an uncursed potion of extra healing an uncursed potion of healing an uncursed potion of see invisible an uncursed potion of sleeping an uncursed potion of speed an uncursed can of grease (0:8) Spells and supernatural/magical abilities: Name Level Category Fail Memory I - identify 3 divination 100% 100% W - pray for help -- divine ? -- Your skills at the end: Miscellaneous Skills wands [Basic] Weapon Skills dagger [Basic] club [Basic] dart [Basic] Spellcasting Skills Final Attributes: You were devoutly aligned. You had infravision. You are dead. Vanquished creatures: a little dog a kobold shaman 2 giant bats 3 hobbits a large kobold 2 geckos a hobgoblin a giant rat a cave spider a brown mold 2 red molds a gnome zombie 3 jackals 2 foxes a kobold 2 newts 2 goblins a sewer rat 7 grid bugs 2 lichens a kobold zombie 38 creatures vanquished. Voluntary challenges: You had been an atheist until turn 1974. You used a wielded weapon 36 times, starting on turn 4. You did not apply a unicorn horn. You read items or engraved 20 times, starting on turn 828. You never genocided any monsters. You never polymorphed an object. You never changed form. You used no wishes. You never split a pudding. You never wrote Elbereth's name. You never violated your personal moral code. Dungeon overview: The Dungeons of Doom: levels 1 to 3 Level 1 a long staircase Level 2 a fountain Level 3 a scroll shop stairs to The Gnomish Mines The Gnomish Mines: levels 4 to 6 Level 4 stairs to The Dungeons of Doom Level 6 <- You were here some shops, a temple to Offler, a magic chest, a fountain History has recorded: On T:1 you entered the Dungeons of Doom to retrieve the Amulet of Yendor! On T:408 you advanced to experience level 2. On T:462 you reached level 2 of The Dungeons of Doom. On T:761 you advanced to experience level 3. On T:1200 you advanced to experience level 4. On T:1631 you reached level 1 of The Gnomish Mines. On T:1814 you reached level 3 of The Gnomish Mines. On T:1887 you opened a magic chest. On T:1896 you opened a magic chest. On T:1938 you opened a magic chest. On T:1938 you opened a magic chest. On T:1969 you entered the Minetown temple Score breakdown: Gold: 139 ( 13 points) Experience: 4 levels ( 300 points) Exploration: 6 levels ( 150 points) Discoveries: 14 items ( 700 points) Variety of kills: 21 monsters ( 1050 points) Major goal: reached Minetown ( 500 points) Survival: died (score multiplied by 3) Total score: 8139 Latest messages: N - an uncursed runed dagger named Sting. L - an uncursed light green spellbook. K - an uncursed spellbook of identify. B - an uncursed ring of invisibility. M - an uncursed ebony wand. S - an uncursed wand of enlightenment. P - an uncursed wand of magic missile. s - an uncursed greased bag called holding. O - an uncursed blindfold. C - an uncursed magic whistle. G - an uncursed sack named clear. j - an uncursed black gem. y - an uncursed blue gem. z - an uncursed red gem. You are now wielding your aklys. The lynx misses. The lynx claws you! The lynx bites! You hit the lynx. The lynx claws you! The lynx misses. The lynx bites! The lynx claws you! (2x) The lynx bites! You die... Final status: Aloha Celery the Tourist, killed by a lynx... You died in The Gnomish Mines on dungeon level 6 with 8139 points, and 264 pieces of gold, after 1982 moves. You were level 4 with a maximum of 35 hit points when you died.